 Dungeon Crawl Stone Soup version 0.32-a0-481-g9ce6b883f8 (webtiles) character file.

Game seed: 473485492490940423

945 Descartes the Geomancer (level 8, -1/46 (52) HPs)
             Began as a Formicid Earth Elementalist on Feb 26, 2024.
             Slain by an orc priest
             ... wielding a +0 mace
              (3 damage)
             ... on level 5 of the Dungeon.
             The game lasted 00:10:20 (4660 turns).

Descartes the Geomancer (FoEE)                      Turns: 4660, Time: 00:10:20

HP:   -1/46 (52)    AC: 13    Str: 14    XL:     8   Next: 35%
MP:   11/11         EV:  8    Int: 16    God:
Gold: 247           SH:  0    Dex: 14    Spells: 7/11 levels left

rFire   . . .        y - +4 quarterstaff (chaos)
rCold   . . .        (no shield)
rNeg    . . .        f - +0 chain mail
rPois   +            (helmet unavailable)
rElec   .            z - +1 cloak
rCorr   +            k - +0 pair of gloves
SInv    +            (no boots)
Will    .....        (no amulet) Stlth
                     m - ring of resist corrosion
HPRegen 0.27/turn    u - ring of poison resistance
MPRegen 0.12/turn

%: no passive effects
@: studying Dodging, heavily drained
A: permanent stasis, dig shafts and tunnels, antennae 3, four strong arms
a: Dig, Shaft Self, Convert to Beogh


You were on level 5 of the Dungeon.
You visited 1 branch of the dungeon, and saw 5 of its levels.
You also visited: Sewer.

You collected 247 gold pieces.

Inventory:

Hand Weapons
 p - a +0 scythe of venom
 y - a +4 quarterstaff of chaos (weapon)
Missiles
 h - 6 curare-tipped darts
Armour
 f - a +0 chain mail (worn)
 k - a +0 pair of gloves (worn)
 z - a +1 cloak (worn)
Jewellery
 m - a ring of resist corrosion (left hand)
 u - a ring of poison resistance (right hand)
Scrolls
 d - a scroll of torment
 e - 2 scrolls of revelation
 g - 5 scrolls of identify {unknown}
 i - 2 scrolls of teleportation {unknown}
 j - 2 scrolls of blinking {unknown}
 n - a scroll of fear {unknown}
 s - a scroll of vulnerability {unknown}
 t - a scroll of enchant weapon {unknown}
 v - a scroll of immolation {unknown}
 w - a scroll of amnesia {unknown}
 A - a scroll of brand weapon {unknown}
Potions
 a - 2 potions of might {unknown}
 b - a potion of magic
 c - 2 potions of attraction
 l - 5 potions of curing {unknown}
 o - 2 potions of mutation {unknown}
 q - a potion of ambrosia {unknown}
 r - a potion of cancellation {unknown}
 x - a potion of degeneration {unknown}
 B - a potion of enlightenment


   Skills:
 + Level 5.4 Armour
 + Level 2.6 Dodging
 - Level 2.4 Stealth
 - Level 2.1 Spellcasting
 - Level 0.8 Conjurations
 * Level 9.4 Earth Magic


You had 7 spell levels left.
You knew the following spells:

 Your Spells              Type           Power      Damage    Failure   Level
a - Sandblast             Erth           64%        2d14      5%          1
b - Stone Arrow           Conj/Erth      36%        3d9       69%         3

Your spell library contained the following spells:

 Spells                   Type           Power      Damage    Failure   Level
 Passwall                 Erth           32%        N/A       17%         3
 Brom's Barrelling Bould  Conj/Erth      18%        2d4       97%         4
 Petrify                  Alch/Erth      16%        N/A       98%         4
 Mercury Vapours          Alch/Air       2%         N/A       99%         2
 Mephitic Cloud           Conj/Alch/Air  2%         N/A       100%        3
 Freezing Cloud           Conj/Ice/Air   1%         6-21      100%        5


Dungeon Overview and Level Annotations

Branches:
Dungeon (5/15)              Sewer (visited)
 Temple: D:4-7

Altars:
Uskayaw


Innate Abilities, Weirdness & Mutations

You cannot be hasted, slowed, berserked, paralysed or teleported.
You can dig through walls and to a lower floor.
You have a pair of large antennae on your head. (SInv)
Your four strong arms can wield two-handed weapons with a shield.


Message History

An orc warrior comes into view.
It is wielding a +2 halberd of protection.
The orc warrior shouts!
An orc priest comes into view. It is wielding a +0 mace.
The orc warrior throws a stone.
The stone hits you but does no damage.
The orc priest shouts!
You hear a shout!
An adder comes into view.
The orc warrior throws a stone.
The stone hits you but does no damage.
The orc priest invokes the aid of Beogh against you.
Beogh smites you!
The orc priest mumbles some strange prayers to Beogh against you.
Beogh smites you!
The orc priest shouts, "The Pantheon deserves no one's loyalty.
Let us show you the true path!" (press Y on the ability menu to convert to Beogh)
An orc priest is nearby!
The orc priest invokes the aid of Beogh against you.
Beogh smites you!
You are too injured to fight recklessly!
You are too injured to fight recklessly!
You are too injured to fight recklessly!
You are too injured to fight recklessly!
Unknown command.
You hit the orc priest.
The orc priest seems to grow stronger.
The orc priest is moderately wounded.
The orc warrior hits you from afar with a +2 halberd of protection!
* * * LOW HITPOINT WARNING * * *
The orc priest hits you with a +0 mace.
* * * LOW HITPOINT WARNING * * *
The orc warrior hits you from afar with a +2 halberd of protection!
* * * LOW HITPOINT WARNING * * *
The orc priest attacks as it pursues you!
The orc priest hits you with a +0 mace.
* * * LOW HITPOINT WARNING * * *
You extend your mandibles.
You dig through the rock wall.
You feel drained.
You dig through the rock wall.
You feel drained.
You dig through the rock wall.
You feel drained.
You retract your mandibles.
You closely miss the orc priest.
The orc priest is moderately wounded.
The orc priest hits you with a +0 mace.
You die...

.##..............####
....#.............[>#
.................#.##
#......###########.#
#..#.#.# ######.#
.......# #o.{...#
).#....# #.##.###
..##.#.# #.#o##
.....#.######.##@#
...#.#....##..####
.....#...{#..##
.#.#.#......##
.#.#.#.....## #..o.##
#. #..o.# ... #.....
#.# ...#####


You could see an orc priest (strong).

Vanquished Creatures
  The ghost of Drangen the Chopper, a novice CoGl (D:4)
  Sigmund (D:2)
  An ogre (D:5)
  A centaur skeleton (D:4)
  Crazy Yiuf (D:4)
  A bullfrog skeleton (D:4)
  A gnoll bouda (D:4)
  A jelly (D:5)
  An iguana (D:5)
  A hell rat (Sewer)
  A killer bee zombie (D:4)
  3 gnolls
  2 river rats (Sewer)
  5 adders
  2 ufetubi (D:5)
  2 dart slugs
  2 ribbon worms (D:2)
  6 orcs (D:4)
  9 bats
  13 endoplasms
  3 giant cockroaches
  7 goblins
  8 hobgoblins
  7 kobolds
  6 quokkas
  9 ball pythons
  4 frilled lizards
  13 rats
  A spectral kobold (D:3)
113 creatures vanquished.

Notes
Turn   | Place    | Note
-------+----------+-------------------------------------------
     0 | D:1      | Descartes the Formicid Earth Elementalist began the quest
                  | for the Orb.
     0 | D:1      | Reached XP level 1. HP: 13/13 MP: 3/3
   177 | D:1      | Reached skill level 4 in Earth Magic
   221 | D:1      | Reached XP level 2. HP: 19/19 MP: 3/5
   279 | D:1      | Reached skill level 1 in Armour
   586 | D:1      | Reached XP level 3. HP: 24/24 MP: 4/6
  1373 | D:2      | Reached skill level 5 in Earth Magic
  1373 | D:2      | Reached XP level 4. HP: 30/30 MP: 4/7
  1819 | D:2      | Noticed Sigmund
  1832 | D:2      | Killed Sigmund
  1833 | D:2      | Reached skill level 6 in Earth Magic
  1833 | D:2      | Reached XP level 5. HP: 16/35 MP: 1/8
  1833 | D:2      | Reached XP level 6. HP: 18/41 MP: 1/9
  1943 | D:2      | Learned a level 3 spell: Stone Arrow
  2298 | D:3      | Found a glowing drain.
  2303 | Sewer    | Entered a sewer
  2412 | Sewer    | Reached skill level 7 in Earth Magic
  2686 | D:3      | Found a hide-covered altar of Uskayaw.
  3002 | D:3      | Found a faded altar of an unknown god.
  3720 | D:4      | Found a transporter.
  3767 | D:4      | Reached XP level 7. HP: 46/46 MP: 5/10
  3896 | D:4      | Found a transporter.
  3899 | D:4      | Noticed Drangen's ghost (novice CoGl)
  4151 | D:4      | Found a runed translucent door.
  4152 | D:4      | Noticed Crazy Yiuf
  4158 | D:4      | Killed Crazy Yiuf
  4324 | D:4      | Killed Drangen's ghost
  4325 | D:4      | Reached skill level 5 in Armour
  4325 | D:4      | Reached skill level 8 in Earth Magic
  4325 | D:4      | Reached XP level 8. HP: 20/52 MP: 11/11
  4336 | D:4      | Reached skill level 9 in Earth Magic
  4503 | D:5      | Entered Level 5 of the Dungeon
  4655 | D:5      | HP: 2/52 [orc warrior/+2 halberd of protection (7)]
  4660 | D:5      | Slain by an orc priest

Illustrated notes

Levels and vault maps discovered:
D:1:      sevenhm_arrival_forest_fort_large_2, layout_loops_cross,
          hangedman_decor_push, fountainhead, chequers_garden
D:2:      layout_loops_ring, minmay_small_reverse_x, uniq_sigmund
D:3:      layout_loops_ring, mainiacjoe_overflow_small_starburst,
          portal_sewer_entry_e, dreamdust_ecumenical_altar_drowned_temple,
          minivault_27
D:4:      layout_cave_pools, gammafunk_ghost_mausoleum, uniq_crazy_yiuf_cottage
D:5:      layout_basic, zin_purify, minmay_temple_entry_tees,
          grunt_ministairs_1, minmay_misc_feat_five, uniq_menkaure

Skill      XL: |  1  2  3  4  5  6  7  8 |
---------------+-------------------------+-----
Earth Magic    | 4 5 6 7 8 9 |  9.4
Armour         | 1 3 5 |  5.4
Dodging        | 2 |  2.6
Stealth        | |  2.4
Spellcasting   | |  2.1
Conjurations   | |  0.8

Action                     |  1- 3 |  4- 6 |  7- 9 || total
---------------------------+-------+-------+-------++-------
  Melee: Club              |     2 |       |       ||     2
         Halberd           |       |     9 |    11 ||    20
         Quarterstaff      |       |       |    37 ||    37
   Cast: Sandblast         |    51 |    86 |    20 ||   157
Ability: Dig               |       |       |     1 ||     1
    Use: Scroll            |       |     3 |       ||     3
         Potion            |       |     3 |       ||     3
 Armour: Robe              |     4 |     5 |       ||     9
         Chain mail        |       |    48 |    65 ||   113
  Dodge: Dodged            |     9 |    18 |    30 ||    57

Table legend: (Time is in decaauts)
 A = Elapsed time spent in this place.
 B = Non-inter-level travel time spent in this place.
 C = Inter-level travel time spent in this place.
 D = Time resting spent in this place.
 E = Time spent auto-exploring this place.
 F = Levels seen in this place.
 G = Mean time per level.
                   A        B        C        D        E       F      G
               +--------+--------+--------+--------+--------+-----+--------+
         Total |   4779 |   4592 |    187 |      0 |   3690 |   6 |  796.5 |
       Dungeon |   4488 |   4301 |    187 |      0 |   3482 |   5 |  897.6 |
         Sewer |    291 |    291 |      0 |      0 |    207 |   1 |  291.0 |
               +--------+--------+--------+--------+--------+-----+--------+

Top non-repeatable levels by time:
     D:1: 1191 daAuts
     D:4: 1137 daAuts
     D:2: 1048 daAuts
     D:3: 950 daAuts
   Sewer: 291 daAuts
     D:5: 160 daAuts
